Map: Orbital Shipyard

Players

LilDicky

  • Race: Terran Terran
  • League: Diamond

Powoo - Winner!

  • Race: Zerg Zerg
  • League: Platinum

VOD

http://www.twitch.tv/tumescentpie

Description

Time

  • Played on: Nov. 26, 2015, 3:43 p.m.
  • Length: 14:05
Show
View Real Time Build Order
Export as new Build Order

LilDicky Terran 

Build Orders: MMM Bio 

Get SALT Encoding   

  12  0:01  SCV  
  13  0:13  SCV  
  14  0:20  Supply Depot  
  14  0:26  SCV  
  15  0:33  Refinery  
  15  0:42  SCV  
  16  0:46  Barracks  
  16  0:54  SCV  
  17  1:06  SCV  
  18  1:18  SCV  
  20  1:36  Supply Depot, Reaper  
  20  1:38  Orbital Command  
  20  1:45  Refinery  
  20  2:08  Marine  
  20  2:10  Command Center  
  20  2:11  SCV  
  22  2:16  Factory  
  22  2:23  SCV  
  22  2:27  Barracks Tech Lab  
  23  2:35  SCV  
  24  2:47  SCV  
  25  2:59  SCV  
  26  3:10  Starport  
  26  3:11  SCV  
  27  3:23  SCV  
  27  3:25  Orbital Command  
  28  3:28  Siege Tank, Refinery  
  28  3:30  Marine  
  32  3:35  SCV  
  33  3:48  SCV  
  34  3:52  SCV  
  35  3:57  Barracks Reactor  
  35  4:00  SCV  
  35  4:01  Siege Tank  
  35  4:02  Supply Depot  
  41  4:04  Medivac  
  41  4:05  SCV  
  42  4:12  SCV  
  42  4:14  Barracks x2  
  43  4:17  SCV  
  43  4:23  Supply Depot  
  44  4:28  Liberator  
  44  4:33  Siege Tank  
  44  4:35  Refinery  
  46  4:48  SCV  
  50  4:53  SCV  
  51  5:00  SCV  
  51  5:01  Liberator  
  51  5:02  Supply Depot  
  51  5:04  Barracks Tech Lab  
  51  5:05  Barracks Reactor, Barracks Tech Lab, SCV  
  53  5:08  Widow Mine  
  58  5:21  SCV  
  58  5:26  Combat Shields  
  58  5:27  Stimpack, Marine  
  58  5:28  Marine  
  61  5:30  Command Center  
  61  5:33  Medivac  
  61  5:34  SCV  
  64  5:38  Supply Depot x2  
  64  5:41  Engineering Bay  
  64  5:45  Marine  
  65  6:23  Viking x2, Marine x2  
  65  6:24  Marine x2  
  67  6:37  SCV, Widow Mine  
  67  6:39  SCV  
  71  6:41  Missile Turret, Marine x4  
  71  6:42  Missile Turret  
  71  6:44  Orbital Command  
  71  6:45  Missile Turret  
  70  6:48  Missile Turret  
  70  6:57  Missile Turret x3  
  70  6:59  Marine x4  
  74  7:01  Missile Turret  
  74  7:05  Orbital Command  
  74  7:06  Medivac  
  76  7:19  Siege Tank  
  76  7:20  Marine x2  
  81  7:23  Marine  
  81  7:27  Missile Turret  
  82  7:34  SCV x3  
  85  7:43  Marine x2  
  87  7:44  Marine  
  87  7:45  Marauder  
  87  7:46  SCV x2  
  87  8:01  Marine x2  
  87  8:02  Marauder  
  75  8:05  Marine  
  75  8:12  SCV, Missile Turret  
  77  8:13  SCV x2  
  77  8:14  Command Center  
  77  8:16  Missile Turret  
  77  8:18  Refinery, Concussive Shells  
  77  8:19  Marine x2  
  81  8:22  Terran Infantry Weapons Level 1  
  81  8:23  Marine  
  81  8:24  Marauder  
  84  8:28  Engineering Bay  
  84  8:33  Supply Depot  
  84  8:34  Supply Depot  
  84  8:36  Marine  
  84  8:37  Marine  
  84  8:39  Barracks x2  
  84  8:40  Barracks  
  84  8:41  Marine  
  82  8:42  Medivac  
  82  8:44  Medivac  
  82  8:45  Marine  
  88  8:54  Marine x2  
  88  8:55  Supply Depot  
  90  8:57  Supply Depot  
  90  8:59  Marine  
  91  9:02  Marine  
  91  9:03  Armory  
  91  9:04  Terran Infantry Armor Level 1  
  91  9:08  SCV x2, Missile Turret  
  94  9:12  Marine x2  
  94  9:16  Marine  
  96  9:17  Medivac x2  
  96  9:20  Marine  
  102  9:28  Barracks Reactor  
  102  9:29  Barracks Reactor  
  102  9:30  Barracks Reactor, Marine x2  
  102  9:31  Supply Depot, Missile Turret  
  102  9:34  Marine  
  103  9:38  Marine  
  103  9:43  SCV x2  
  106  9:48  Marine x2  
  106  9:52  Marine  
  109  9:56  Marine  
  110  10:11  Missile Turret  
  110  10:14  Marine x3  
  110  10:15  Marauder x2, Marine x5  
  110  10:16  Missile Turret  
  115  10:32  Marine  
  115  10:33  Marine  
  115  10:40  Marine  
  115  10:41  Marine x3  
  119  10:43  Missile Turret  
  119  10:45  Missile Turret  
  119  10:46  Missile Turret  
  119  10:55  Widow Mine  
  119  10:57  Medivac x2  
  123  11:00  Marine x2  
  123  11:01  Marine x2  
  129  11:12  Marine x2  
  131  11:22  Missile Turret  
  131  11:23  Missile Turret, Widow Mine  
  133  11:27  Marine x2, Missile Turret, Medivac  
  133  11:28  Marauder  
  133  11:29  Medivac  
  133  11:31  Missile Turret  
  141  11:52  Widow Mine  
  143  11:55  Planetary Fortress  
  143  11:56  Medivac  
  143  11:59  Missile Turret, Medivac  
  147  12:01  Missile Turret x2  
  147  12:03  SCV x3, Missile Turret  
  150  12:10  Marine x3  
  150  12:11  Barracks Reactor  
  150  12:12  Starport  
  153  12:17  Barracks x2  
  153  12:18  Barracks  
  153  12:21  Barracks  
  153  12:24  Marine  
  153  12:25  Marauder  
  156  12:41  Supply Depot x2  
  156  12:42  Supply Depot  
  156  13:02  Marine x7  
  156  13:03  Marauder, Medivac x2  
  167  13:20  Marine x5  
  167  13:21  Marine x4  
  167  13:24  Marine  
  176  13:32  Refinery x2  
  166  13:42  Marauder, Marine x5  
Show
View Real Time Build Order
Export as new Build Order

Powoo Zerg - Winner!

Build Orders: Hatch First 

Get SALT Encoding   

  12  0:01  Drone  
  13  0:13  Overlord  
  13  0:19  Drone  
  14  0:31  Drone x2  
  14  0:35  Drone  
  17  0:54  Hatchery  
  17  0:56  Drone  
  17  0:58  Drone  
  18  1:12  Spawning Pool  
  18  1:15  Drone  
  18  1:19  Drone  
  19  1:26  Extractor  
  19  1:29  Drone  
  19  1:39  Overlord  
  19  1:53  Drone  
  20  2:00  Queen  
  22  2:02  Zergling x2  
  22  2:07  Zergling x2  
  22  2:08  Queen  
  24  2:13  Drone  
  27  2:20  Drone  
  28  2:30  Drone  
  28  2:32  Drone  
  28  2:33  Metabolic Boost  
  30  2:49  Drone x2  
  30  2:51  Overlord  
  32  2:58  Queen  
  34  3:04  Drone  
  35  3:10  Lair  
  35  3:13  Extractor  
  35  3:14  Drone  
  35  3:17  Drone x3  
  38  3:24  Overlord  
  39  3:27  Drone x3  
  39  3:33  Zergling x4  
  39  3:34  Zergling x2  
  44  3:53  Zergling x12  
  50  4:01  Drone x2  
  52  4:04  Extractor  
  52  4:06  Extractor  
  52  4:09  Drone  
  51  4:14  Drone  
  51  4:15  Spire  
  51  4:19  Spore Crawler  
  51  4:20  Hatchery, Drone x3  
  51  4:21  Spore Crawler  
  51  4:23  Drone  
  52  4:37  Overlord x2  
  52  4:47  Overlord  
  48  4:57  Drone x3  
  51  5:02  Drone x4  
  51  5:04  Drone  
  56  5:09  Overlord  
  56  5:14  Drone  
  57  5:29  Mutalisk  
  57  5:30  Mutalisk x4  
  57  5:34  Mutalisk x2  
  57  5:35  Mutalisk  
  67  5:59  Mutalisk x2  
  67  6:01  Mutalisk  
  73  6:08  Drone x3  
  73  6:09  Drone x9  
  85  6:30  Mutalisk  
  85  6:31  Mutalisk  
  89  6:35  Overlord x3  
  89  6:39  Extractor x2  
  87  6:42  Spine Crawler  
  82  6:56  Zergling x14  
  82  6:57  Zergling x8  
  93  7:11  Zerg Flyer Weapons Level 1  
  93  7:17  Overlord x2  
  92  7:31  Zergling x2  
  92  7:32  Zergling x20  
  103  7:49  Mutalisk  
  103  7:50  Mutalisk x6  
  100  8:08  Overseer  
  100  8:09  Pneumatized Carapace  
  100  8:20  Zergling x4  
  100  8:21  Zergling x28  
  116  8:27  Evolution Chamber x2  
  109  8:47  Overseer  
  107  9:09  Mutalisk x6  
  109  9:10  Mutalisk  
  121  9:21  Zerg Ground Armor Level 1, Zerg Melee Weapons Level 1  
  121  9:22  Zerg Flyer Weapons Level 2  
  121  9:31  Mutalisk  
  121  9:41  Hatchery  
  121  9:44  Baneling Nest  
  119  9:51  Mutalisk  
  121  9:54  Overlord x3  
  121  9:55  Overlord  
  121  10:12  Mutalisk x10  
  141  10:16  Hatchery  
  138  10:44  Mutalisk, Centrifical Hooks  
  138  10:45  Mutalisk x3  
  138  11:00  Zergling x20  
  143  11:11  Overlord x2  
  143  11:12  Overlord  
  143  11:13  Baneling x2  
  143  11:14  Baneling x7  
  143  11:15  Baneling x3  
  143  11:17  Zerg Melee Weapons Level 2  
  143  11:23  Overlord x2  
  143  11:24  Overlord x5  
  143  11:33  Baneling x7  
  143  11:57  Zergling x10  
  143  11:58  Zergling x22  
  159  12:02  Overseer  
  159  12:26  Hatchery  
  158  12:50  Drone x7  
  165  12:52  Zergling x2  
  165  12:53  Zergling x24  
  174  13:40  Extractor  
  163  13:43  Extractor  
  163  13:48  Zergling x2  
Tags
 
Add a new tag
Caveats
  • Supply blocks, unpowered buildings, or Contaminate may cause inaccurate times.
  • Supply counts are checked every 10 seconds.